 Dungeon Crawl Stone Soup version 0.28.0-53-g5a82cb258f (webtiles) character file.

Game seed: 11534609170548819762

2328 Gabide the Skirmisher (level 9, 0/73 HPs)
             Began as a Formicid Monk on June 16, 2022.
             Was a Priest of Vehumet.
             Slain by an eight-headed hydra (10 damage)
             ... on level 6 of the Dungeon.
             The game lasted 00:10:35 (6856 turns).

Gabide the Skirmisher (Formicid Monk)               Turns: 6856, Time: 00:10:36

Health: 0/73       AC:  5    Str: 15    XL:     9   Next: 69%
Magic:  9/9        EV: 19    Int: 11    God:    Vehumet [***...]
Gold:   217        SH:  0    Dex: 17    Spells: 1/8 levels left

rFire   . . .      SeeInvis +   a - +5 quarterstaff (chaos)
rCold   . . .      Faith    +   (no shield)
rNeg    + . .      Spirit   .   z - +0 troll leather armour
rPois   .          Reflect  .   (helmet unavailable)
rElec   .          Harm     .   u - +0 cloak
rCorr   .          Rampage  .   (no gloves)
Will    .....                   (no boots)
Stlth   ++........              e - amulet of faith
HPRegen 1.02/turn               x - ring of positive energy
MPRegen 0.11/turn               w - +4 ring of evasion

@: no status effects
A: permanent stasis, dig shafts and tunnels, antennae 3, four strong arms
a: Dig, Shaft Self, Renounce Religion


You were on level 6 of the Dungeon.
You worshipped Vehumet.
Vehumet was most pleased with you.
You visited 2 branches of the dungeon, and saw 8 of its levels.

You collected 233 gold pieces.
You spent 16 gold pieces at shops.

Inventory:

Hand Weapons
 a - a +5 quarterstaff of chaos (weapon)
Armour
 u - a +0 cloak (worn)
 z - a +0 troll leather armour (worn)
Magical Staves
 l - a staff of poison
Jewellery
 e - an amulet of faith (around neck)
 i - a +6 ring of intelligence
 w - a +4 ring of evasion (right hand)
 x - a ring of positive energy (left hand)
 C - a ring of protection from cold
Wands
 r - a wand of flame (3)
 s - a wand of paralysis (2) (quivered)
Scrolls
 b - a scroll of vulnerability {unknown}
 g - a scroll of amnesia {unknown}
 h - a scroll of holy word {unknown}
 j - a scroll of noise {unknown}
 k - a scroll of silence
 m - a scroll of summoning {unknown}
 n - 2 scrolls of magic mapping
 q - a scroll of fear {unknown}
 t - 2 scrolls of immolation
 y - a scroll of brand weapon {unknown}
 A - a scroll of torment {unknown}
 B - a scroll of enchant armour {unknown}
Potions
 c - a potion of curing
 d - a potion of cancellation {unknown}
 f - a potion of brilliance
 o - 2 potions of mutation {unknown}
 p - a potion of invisibility {unknown}
 v - 2 potions of ambrosia {unknown}


   Skills:
 + Level 7.7 Fighting
 - Level 4.9(6.6) Polearms
 + Level 6.7(7.5) Staves
 + Level 6.4 Dodging
 - Level 2.4 Stealth
 * Level 3.1 Poison Magic


You had one spell level left.
You knew the following spells:

 Your Spells              Type           Power      Damage    Failure   Level
a - Alistair's Intoxicat  Tmut/Pois      2%         N/A       99%         5
b - Poisonous Vapours     Pois/Air       6%         N/A       10%         2

Your spell library contained the following spells:

 Spells                   Type           Power      Damage    Failure   Level
 Apportation              Tloc           0%         N/A       41%         1
 Dazzling Flash           Conj/Hex       0%         N/A       32%         3
 Iskenderun's Mystic Bla  Conj/Tloc      0%         2d3       69%         4
 Portal Projectile        Hex/Tloc       0%         N/A       78%         3
 Summon Lightning Spire   Summ/Air       0%         N/A       99%         4
 Blade Hands              Tmut           0%         N/A       100%        5
 Excruciating Wounds      Necr           0%         N/A       100%        5
 Manifold Assault         Tloc           0%         N/A       100%        5
 Conjure Ball Lightning   Conj/Air       0%         3x3d6     100%        6
 Starburst                Conj/Fire      0%         6d3       100%        6
 Storm Form               Tmut/Air       0%         N/A       100%        7
 Discord                  Hex            0%         N/A       100%        8
 Disjunction              Tloc           0%         N/A       100%        8
 Maxwell's Capacitive Co  Air            0%         ∞         100%        8
 Blink                    Tloc           Unusable   N/A       N/A         2

Dungeon Overview and Level Annotations

Branches:
Dungeon (7/15)             Temple (1/1) D:4

Altars:
Ashenzari
Cheibriados
Dithmenos
Elyvilon
Fedhas
Gozag
Hepliaklqana
Kikubaaqudgha
Makhleb
Nemelex Xobeh
Okawaru
Qazlal
Ru
Sif Muna
Trog
Vehumet
Wu Jian
Xom
Yredelemnul
Zin
The Shining One

Shops:
D:1 **

Annotations:
D:3 exclusion: water moccasin


Innate Abilities, Weirdness & Mutations

You cannot be hasted, slowed, berserked, paralysed or teleported.
You can dig through walls and to a lower floor.
You have a pair of large antennae on your head. (SInv)
Your four strong arms can wield two-handed weapons with a shield.


Message History

The eight-headed hydra barely misses you.
The eight-headed hydra closely misses you.
The eight-headed hydra bites you but does no damage.
The eight-headed hydra bites you.
You climb upwards.
There is a stone staircase leading down here.
You feel much better. The eight-headed hydra misses you.
The eight-headed hydra barely misses you.
The eight-headed hydra misses you.
The eight-headed hydra closely misses you.
The eight-headed hydra barely misses you. x2
The eight-headed hydra bites you! x2
Aiming: Paralyse
Press: ? - help, Q - select action, (/) - cycle Shift-Dir - straight line, f - eight-headed hydra
Aim: an eight-headed hydra (chance to affect: 17%)
Okay, then.
You sock the eight-headed hydra!
The eight-headed hydra is lightly wounded.
The eight-headed hydra misses you. The eight-headed hydra bites you!
The eight-headed hydra bites you.
The eight-headed hydra bites you but does no damage.
The eight-headed hydra bites you!
* * * LOW HITPOINT WARNING * * *
The eight-headed hydra misses you. The eight-headed hydra bites you.
* * * LOW HITPOINT WARNING * * *
The eight-headed hydra bites you!
* * * LOW HITPOINT WARNING * * *
You see here 29 sling bullets.
You see here a +0 whip.
You open the door. The eight-headed hydra misses you.
The eight-headed hydra bites you.
* * * LOW HITPOINT WARNING * * *
The eight-headed hydra bites you.
* * * LOW HITPOINT WARNING * * *
The eight-headed hydra bites you.
* * * LOW HITPOINT WARNING * * *
The eight-headed hydra completely misses you.
The eight-headed hydra closely misses you.
The eight-headed hydra bites you!
You die...

#.....# #.......#
#.....# #......)#
#.....######.......#
#.........##.......#
###.......##.......#
##......##....[..#
#......##.......#
#......##D#######
#......##@#
#.#######'### #..#
#....# ##.## #....##
#..# #.....# ##.#
#.....# #.## #.....#
#..# ##..).# ##.#
#....#


You could see an eight-headed hydra.

Vanquished Creatures
  A two-headed ogre (D:6)
  A troll (D:5)
  A water moccasin (D:5)
  3 ice beasts
  A necrophage (D:4)
  An ogre (D:4)
  A centaur (D:7)
  A water moccasin zombie (D:5)
  3 scorpions
  A hound (D:6)
  Crazy Yiuf (D:3)
  A bullfrog skeleton (D:5)
  A jelly (D:4)
  A centaur skeleton (D:7)
  2 orc priests
  3 iguanas
  Natasha (thrice) (D:4)
  4 orc wizards
  A hound zombie (D:5)
  A hound skeleton (D:5)
  9 adders
  2 shadow imps (D:6)
  An ufetubus (D:6)
  An adder skeleton (D:4)
  5 worms
  A dart slug (D:2)
  9 orcs
  6 ball pythons
  6 endoplasms
  2 giant cockroaches
  9 goblins
  4 hobgoblins
  2 quokkas
  4 bats
  3 frilled lizards
  11 kobolds
  4 rats
111 creatures vanquished.

Vanquished Creatures (others)
  4 plants (D:5)
4 creatures vanquished.

Grand Total: 115 creatures vanquished

Notes
Turn   | Place    | Note
-------+----------+-------------------------------------------
     0 | D:1      | Gabide the Formicid Monk began the quest for the Orb.
     0 | D:1      | Reached XP level 1. HP: 18/18 MP: 1/1
   284 | D:1      | Reached XP level 2. HP: 24/24 MP: 2/2
   546 | D:1      | Found Juihanleemp's Assorted Antiques.
   699 | D:1      | Found Quossug's Assorted Antiques.
   705 | D:1      | Bought a scroll labelled HEIVAK BEGIHOUMU for 16 gold
                  | pieces
  1198 | D:2      | Reached XP level 3. HP: 25/30 MP: 3/3
  1638 | D:2      | Reached XP level 4. HP: 37/37 MP: 4/4
  1671 | D:2      | Reached skill level 4 in Fighting
  2811 | D:3      | Noticed a water moccasin
  2904 | D:3      | Reached XP level 5. HP: 42/42 MP: 5/5
  3262 | D:3      | Found a runed translucent door.
  3263 | D:3      | Noticed Crazy Yiuf
  3527 | D:3      | Killed Crazy Yiuf
  3865 | D:4      | Noticed Natasha
  3875 | D:4      | Killed Natasha
  3922 | D:4      | Reached XP level 6. HP: 32/50 MP: 6/6
  3985 | D:4      | Noticed Natasha
  3991 | D:4      | Killed Natasha
  3992 | D:4      | Reached skill level 5 in Fighting
  4076 | D:4      | Found a staircase to the Ecumenical Temple.
  4171 | D:4      | Noticed Natasha
  4185 | D:4      | Killed Natasha
  4238 | Temple   | Entered the Ecumenical Temple
  4259 | Temple   | Became a worshipper of Vehumet
  4259 | Temple   | Reached * piety under Vehumet
  4259 | Temple   | Offered knowledge of Magic Dart by Vehumet.
  4259 | Temple   | Reached ** piety under Vehumet
  4568 | D:4      | Offered knowledge of Shock by Vehumet.
  4576 | D:4      | Learned a level 5 spell: Alistair's Intoxication
  4610 | D:4      | Noticed a necrophage
  4625 | D:4      | Killed a necrophage
  4626 | D:4      | Reached XP level 7. HP: 54/56 MP: 7/7
  4818 | D:4      | Reached skill level 1 in Staves
  5192 | D:5      | Entered Level 5 of the Dungeon
  5208 | D:5      | Noticed a troll
  5217 | D:5      | Killed a troll
  5218 | D:5      | Reached skill level 6 in Fighting
  5218 | D:5      | Reached skill level 5 in Dodging
  5218 | D:5      | Reached XP level 8. HP: 49/64 MP: 8/8
  6157 | D:5      | Found Zotash's Serpentskin Sales.
  6170 | D:5      | Reached skill level 5 in Staves
  6249 | D:6      | Noticed a two-headed ogre
  6264 | D:6      | Killed a two-headed ogre
  6265 | D:6      | Reached skill level 7 in Fighting
  6265 | D:6      | Reached XP level 9. HP: 72/72 MP: 9/9
  6322 | D:6      | Offered knowledge of Poisonous Vapours by Vehumet.
  6326 | D:6      | Learned a level 2 spell: Poisonous Vapours
  6356 | D:6      | Reached skill level 1 in Poison Magic
  6365 | D:6      | Reached *** piety under Vehumet
  6800 | D:7      | Noticed an eight-headed hydra
  6840 | D:6      | HP: 2/73 [eight-headed hydra (13)]
  6856 | D:6      | Slain by an eight-headed hydra

Illustrated notes

Levels and vault maps discovered:
D:1:      elethiomel_arrival_infinity_welcomes_careful_drivers,
          layout_loops_ring, serial_shops, nicolae_shop_overgrown_old_shop, shop
D:2:      layout_loops_ring, moated_statue, minmay_quadrilaterals
D:3:      minmay_angry_zag, layout_basic, minivault_5, minmay_fountain_box,
          uniq_crazy_yiuf_cottage
D:4:      layout_basic, minmay_temple_entry_grid, uniq_natasha
D:5:      layout_loops_corners, serial_bayou_pond_c, guppyfry_shop_venom
D:6:      layout_basic
D:7:      layout_gridville, gammafunk_ghost_cemetery, serial_shops,
          nicolae_stop_n_shop_2, sword_in_stone
Temple:   mainiacjoe_temple_circle_huts

Skill      XL: |  1  2  3  4  5  6  7  8  9 |
---------------+----------------------------+-----
Dodging        | 3 4 5 6 |  6.4
Fighting       | 4 5 6 7 |  7.7
Polearms       | 4 |  4.9
Staves         | 3 6 |  6.7
Poison Magic   | 3 |  3.1
Stealth        | |  2.4

Action                   |  1- 3 |  4- 6 |  7- 9 || total
-------------------------+-------+-------+-------++-------
Melee: Spear             |   106 |    74 |       ||   180
       Punch             |     1 |       |     3 ||     4
       Quarterstaff      |       |    38 |   159 ||   197
 Fire: Hunting sling     |     6 |    70 |    22 ||    98
 Abil: Dig               |     1 |       |       ||     1
Evoke: Wand              |       |       |     7 ||     7
  Use: Scroll            |     3 |     3 |     5 ||    11
       Potion            |       |     1 |     1 ||     2
 Stab: Sleeping          |     2 |       |     2 ||     4
       Paralysed         |       |       |     6 ||     6
       Confused          |       |       |     3 ||     3
       Petrified         |       |       |     1 ||     1
Armor: Robe              |     2 |       |       ||     2
       Scale mail        |    18 |    10 |       ||    28
       Ring mail         |       |    20 |     5 ||    25
       Troll leather arm |       |       |    18 ||    18
Dodge: Dodged            |    44 |    60 |   174 ||   278
